 Dungeon Crawl Stone Soup version 0.29.0-4-gdea44cf6ec (webtiles) character file.

Game seed: 14659725385773023846

2 Setbun the Digger (level 1, -4/10 HPs)
             Began as a Gargoyle Earth Elementalist on Aug 27, 2022.
             Slain by Terence
             ... wielding a +1 flail of protection
              (5 damage)
             ... on level 2 of the Dungeon.
             The game lasted 00:00:18 (322 turns).

Setbun the Digger (Gargoyle Earth Elementalist)      Turns: 322, Time: 00:00:19

Health: -4/10      AC:  4    Str: 11    XL:     1   Next: 40%
Magic:  1/3        EV: 11    Int: 15    God:
Gold:   65         SH:  0    Dex: 10    Spells: 3/4 levels left

rFire   . . .      SeeInvis .   (no weapon)
rCold   . . .      Faith    .   (no shield)
rNeg    + . .      Spirit   .   a - +0 robe
rPois   ∞          Reflect  .   (no helmet)
rElec   +          Harm     .   (no cloak)
rCorr   .          Rampage  .   (no gloves)
Will    .....                   (no boots)
Stlth   ++........              (no amulet)
HPRegen 0.03/turn               (no ring)
MPRegen 0.08/turn               (no ring)

@: no status effects
A: sickness immunity, AC +2, negative energy resistance 1, electricity
resistance, torment resistance 1, petrification resistance
a: no special abilities


You were on level 2 of the Dungeon.
You visited 1 branch of the dungeon, and saw 2 of its levels.

You collected 65 gold pieces.

Inventory:

Armour
 a - a +0 robe (worn)
Scrolls
 c - 3 scrolls of vulnerability {unknown}
 d - a scroll of enchant armour {unknown}
 e - a scroll of identify {unknown}
Potions
 b - a potion of magic
 f - a potion of curing {unknown}


   Skills:
 + Level 1.5 Dodging
 + Level 2.1 Stealth
 + Level 2.0 Spellcasting
 + Level 0.7 Transmutations
 * Level 3.8 Earth Magic


You had 3 spell levels left.
You knew the following spells:

 Your Spells              Type           Power      Damage    Failure   Level
a - Sandblast             Erth           26%        2d8       4%          1

Your spell library contained the following spells:

 Spells                   Type           Power      Damage    Failure   Level
 Passwall                 Tmut/Erth      6%         N/A       13%         2
 Stone Arrow              Conj/Erth      14%        3d7       30%         3
 Petrify                  Tmut/Erth      8%         N/A       65%         4


Dungeon Overview and Level Annotations

Branches:
Dungeon (2/15)

Altars:

Shops:
D:1 [

Annotations:
D:2 Terence


Innate Abilities, Weirdness & Mutations

You are immune to sickness and miasma.
Your stone body is resilient. (AC +2)
You are immune to poison.
You resist negative energy. (rN+)
You are resistant to electric shocks. (rElec)
You are resistant to unholy torment.
You are immune to petrification.


Message History

a +0 whip; a kobold corpse You now have 65 gold pieces (gained 10).
A rat comes into view.
A rat is nearby!
A rat is nearby!
A rat is nearby!
Found a scroll labelled MEPAPO DONYDA.
Found a stone staircase leading down.
A sourceless malevolence fills the Dungeon...
You fall into a shaft and drop 1 floor!
The shaft crumbles and collapses.
Found a stone staircase leading up.
No target in view!
Terence the Incautious comes into view.
He is wielding a +1 flail of protection.
Terence shouts!
A jackal comes into view.
Terence moves out of view.
A jackal is nearby!
A jackal is nearby!
A jackal is nearby!
You hit Terence but do no damage.
Terence hits you with a +1 flail of protection!
Ouch! That really hurt!
* * * LOW HITPOINT WARNING * * *
You are too injured to fight recklessly!
You are too injured to fight recklessly!
Aiming: Sandblast (safe; 4% risk of failure)
Press: ? - help, Q - select action Shift-Dir - straight line, f - Terence
Aim: Terence, wielding a +1 flail of protection and wearing a +0 scale mail (84% to hit)
The blast of sand hits Terence but does no damage.
Terence barely misses you. The jackal barely misses you.
Unknown command.
Aiming: Sandblast (safe; 4% risk of failure)
Press: ? - help, Q - select action Shift-Dir - straight line, f/p - Terence
Aim: Terence, wielding a +1 flail of protection and wearing a +0 scale mail (84% to hit)
The blast of sand hits Terence but does no damage.
The jackal closely misses you. Terence completely misses you.
The jackal barely misses you.
Terence hits you with a +1 flail of protection.
Ouch! That really hurt!
You die...

#. ####### #.
#.....#
#.####.....#
#..<.......#
#..###.....# #..#
#.....###
#.###..###........
#....h@....###.###
#..##.@##### ##
...... ...###..#
## #..# #... ...#
#.##


You could see Terence and a jackal.

Vanquished Creatures
  A hobgoblin (D:1)
  A ball python (D:1)
  A kobold (D:1)
3 creatures vanquished.

Notes
Turn   | Place    | Note
-------+----------+-------------------------------------------
     0 | D:1      | Setbun the Gargoyle Earth Elementalist began the quest for
                  | the Orb.
     0 | D:1      | Reached XP level 1. HP: 10/10 MP: 3/3
    82 | D:1      | Found Biul's Armour Shop.
   310 | D:1      | You fall into a shaft and drop 1 floor!
   318 | D:2      | Noticed Terence
   322 | D:2      | Slain by Terence

Illustrated notes

Levels and vault maps discovered:
D:1:      nicolae_arrival_washed_ashore, layout_loops_ring, serial_shops,
          nicolae_shop_temple_entry_statues_fountains, shop_fountains
D:2:      layout_loops_ring, minmay_misc_feat_iff, chequers_jeans,
          lexackson_kobold_supper, uniq_terence

Action                   || total
-------------------------++-------
Melee: Unarmed           ||     1
 Cast: Sandblast         ||     5
Dodge: Dodged            ||     5
